 Dungeon Crawl Stone Soup version 0.31-a0-133-gaae73658be (webtiles) character file.

Game seed: 10146981292211570620

113 marky1606 the Trooper (level 4, -3/37 HPs)
             Began as a Demonspawn Monk on June 2, 2023.
             Killed from afar by an orc wizard (11 damage)
             ... with a puff of flame
             ... on level 3 of the Dungeon.
             The game lasted 00:09:34 (1857 turns).

marky1606 the Trooper (Demonspawn Monk)             Turns: 1857, Time: 00:09:34

Health: -3/37      AC:  2    Str: 12    XL:     4   Next: 65%
Magic:  4/4        EV: 18    Int: 17    God:
Gold:   80         SH:  0    Dex: 17    Spells: 3/3 levels left

rFire   . .          .
                       - Unarmed
rCold   . . .        c - orb {light}
rNeg    . . .        a - +0 robe
rPois   .            (no helmet)
rElec   .            (no cloak)
rCorr   .            (no gloves)
SInv    .            (no boots)
Will    .....        (no amulet)
Stlth   +            d - +6 ring of intelligence
HPRegen 0.26/turn    h - +5 ring of evasion
MPRegen 0.09/turn

%: no passive effects
@: confused, glowing
A: hooves 1
a: no special abilities


You were on level 3 of the Dungeon.
You visited 1 branch of the dungeon, and saw 3 of its levels.

You collected 80 gold pieces.

Inventory:

Armour
 a - a +0 robe (worn)
 c - an orb of light (worn)
Jewellery
 d - a +6 ring of intelligence (left hand)
 h - a +5 ring of evasion (right hand)
Scrolls
 f - a scroll of poison {unknown}
 g - a scroll of blinking {unknown}
 i - 2 scrolls of teleportation {unknown}
 j - a scroll of identify {unknown}
 l - a scroll of fear {unknown}
Potions
 e - a potion of invisibility {unknown}
 k - a potion of lignification {unknown}


   Skills:
 * Level 4.0 Fighting
 * Level 3.6 Dodging
 + Level 3.6 Unarmed Combat


You had 3 spell levels left.
You didn't know any spells.
Your spell library contained the following spells:

 Spells                   Type           Power      Damage    Failure   Level
 Sandblast                Erth           0%         2d4       24%         1
 Call Imp                 Summ           0%         N/A       34%         2
 Summon Forest            Summ/Tloc      0%         N/A       100%        5
 Leda's Unmaking          Conj/Erth      0%         9d1       100%        6
 Statue Form              Tmut/Erth      0%         N/A       100%        6


Dungeon Overview and Level Annotations

Branches:
Dungeon (3/15)

Altars:

Annotations:
D:3 Sigmund


Innate Abilities, Weirdness & Mutations

You have large cloven feet.


Message History

Sigmund completely misses you.
The orc wizard hits you but does no damage.
The orc wizard hits you with a +0 dagger.
Sigmund misses you.
You hit Sigmund but do no damage. Your kick misses Sigmund.
Sigmund is almost dead.
The orc wizard completely misses you. Sigmund barely misses you.
You bump into the rock wall.
You feel less confused.
The orc wizard hits you with a +0 dagger.
Sigmund hits you from afar with a +0 scythe!
You hit the orc wizard but do no damage.
You kick the orc wizard, but do no damage.
The orc wizard is lightly wounded.
The orc wizard hits you but does no damage.
You hit the orc wizard but do no damage.
You kick the orc wizard.
The orc wizard is lightly wounded.
Sigmund hits you from afar with a +0 scythe!
* * * LOW HITPOINT WARNING * * *
The orc wizard barely misses you.
You are confused.
You feel invigorated.
The orc wizard hits you with a +0 dagger.
* * * LOW HITPOINT WARNING * * *
You barely miss the orc wizard. Your kick misses the orc wizard.
The orc wizard is lightly wounded.
Sigmund barely misses you.
The orc wizard points at you and mumbles some strange words.
The magic dart hits you!
* * * LOW HITPOINT WARNING * * *
The orc wizard attacks as you move away!
The orc wizard barely misses you.
You feel less invigorated.
You feel less confused. Sigmund gestures at you while chanting.
You are confused.
The orc wizard points at you and mumbles some strange words.
The puff of flame hits you!
You die...

### .... ...(.
..(..#######
...........##
.........<..##
.............#
...........@.#
...........@o#
.............#
....[........#
............##
#..........##
############


You could see Sigmund (invisible) and an orc wizard (invisible).

Vanquished Creatures
  2 orc priests (D:2)
  An adder (D:2)
  2 orcs (D:2)
  2 endoplasms
  2 giant cockroaches (D:1)
  7 goblins
  3 hobgoblins
  4 jackals (D:2)
  3 quokkas
  2 ball pythons (D:1)
  3 bats
  5 frilled lizards
  3 rats
39 creatures vanquished.

Notes
Turn   | Place    | Note
-------+----------+-------------------------------------------
     0 | D:1      | marky1606 the Demonspawn Monk began the quest for the Orb.
     0 | D:1      | Reached XP level 1. HP: 18/18 MP: 1/1
   189 | D:1      | Gained mutation: You have large cloven feet. [demonic
                  | ancestry]
   189 | D:1      | Reached XP level 2. HP: 15/24 MP: 2/2
   978 | D:2      | Got the Parchment of the Generative Boulder
  1099 | D:2      | Reached XP level 3. HP: 29/29 MP: 3/3
  1535 | D:3      | Noticed Sigmund
  1545 | D:2      | Reached XP level 4. HP: 4/37 MP: 4/4
  1757 | D:2      | Reached skill level 4 in Fighting
  1857 | D:3      | Killed from afar by an orc wizard

Illustrated notes

Levels and vault maps discovered:
D:1:      dpeg_arrival_more_subterranean_lakeside_camping, layout_rooms
D:2:      layout_basic
D:3:      layout_rooms, gammafunk_ghost_mausoleum, uniq_crazy_yiuf_cottage,
          uniq_sigmund, uniq_grinder, uniq_jessica

Skill      XL: |  1  2  3  4 |
---------------+-------------+-----
Unarmed Combat | 3 |  3.6
Dodging        | 3 |  3.6
Fighting       | 4 |  4.0

Action                     |  1- 3 |  4- 6 || total
---------------------------+-------+-------++-------
  Melee: Unarmed           |    76 |    40 ||   116
         Kick              |    13 |    14 ||    27
    Use: Potion            |       |     1 ||     1
 Armour: Robe              |    13 |     6 ||    19
  Dodge: Dodged            |    44 |    86 ||   130

Table legend: (Time is in decaauts)
 A = Elapsed time spent in this place.
 B = Non-inter-level travel time spent in this place.
 C = Inter-level travel time spent in this place.
 D = Time resting spent in this place.
 E = Time spent auto-exploring this place.
 F = Levels seen in this place.
 G = Mean time per level.
                   A        B        C        D        E       F      G
               +--------+--------+--------+--------+--------+-----+--------+
         Total |   1854 |   1854 |      0 |    510 |      0 |   3 |  618.0 |
       Dungeon |   1854 |   1854 |      0 |    510 |      0 |   3 |  618.0 |
               +--------+--------+--------+--------+--------+-----+--------+

Top non-repeatable levels by time:
     D:2: 1162 daAuts
     D:1: 646 daAuts
     D:3: 46 daAuts
